NYP
CHICAGO (NYP) WHITE SOX @ STATEN ISLAND YANKEES
08/10/2048
 
TOP OF THE 1ST
Chicago (NYP) White Sox batting - Pitching for Staten Island Yankees : RHP Andrew Ray
Pitching: RHP Andrew Ray
Batting: RHB Kunimatsu Oya 0-0: Called Strike
0-1: Ball
1-1: Ball
2-1: Foul Ball, location: 2F
2-2: Ball
3-2: DOUBLE (Groundball, 5L, EV 110.0 MPH)
Batting: SHB Andres Agudo 0-0: Ball
1-0: Foul Ball, location: 2F
1-1: Ball
2-1: Foul Ball, location: 2F
2-2: Strikes out swinging
Batting: SHB Veit Geisler 0-0: Foul Ball, location: 2F
0-1: Foul Ball, location: 2F
0-2: Foul Ball, location: 2F
0-2: Ball
1-2: Strikes out swinging
Batting: RHB Tony Garcia 0-0: SINGLE (Line Drive, 7S, EV 103.1 MPH)
Kunimatsu Oya to third
Runner from 3rd tries for Home, SAFE, throw by LF to home
Batting: RHB Tyrell Camp Balk!
Tony Garcia to second
0-0: Foul Ball, location: 2F
0-1: Ball
1-1: Ball
2-1: Called Strike
2-2: Ball
3-2: Foul Ball, location: 2F
3-2: Strikes out looking
Top of the 1st over - 1 run, 2 hits, 0 errors, 1 left on base; Chicago (NYP) 1 - Staten Island 0
BOTTOM OF THE 1ST
Staten Island Yankees batting - Pitching for Chicago (NYP) White Sox : RHP Påske Olmqvist
Pitching: RHP Påske Olmqvist
Batting: RHB Edite Leoni 0-0: Foul Ball, location: 2F
0-1: Ball
1-1: Foul Ball, location: 2F
1-2: SINGLE (Groundball, 5D, EV 96.2 MPH)
Batting: RHB Pat Pemberton 0-0: Ball
1-0: Called Strike
1-1: Swinging Strike
1-2: Ball
2-2: Fly out, F8 (Line Drive, 8RD, EV 88.8 MPH)
Batting: LHB Mike Schermerhorn 0-0: Called Strike
0-1: Ball
1-1: Foul Ball, location: 2F
1-2: Ball
2-2: Foul Ball, location: 2F
2-2: Foul Ball, location: 2F
2-2: Foul Ball, location: 2F
2-2: Strikes out swinging
Batting: SHB Tadaaki Kondo 0-0: Ball
1-0: Swinging Strike
1-1: Ball
2-1: Foul Ball, location: 2F
2-2: Foul Ball, location: 2F
2-2: Foul Ball, location: 2F
2-2: Ground out 4-3 (Groundball, 4, EV 108.1 MPH)
Bottom of the 1st over - 0 runs, 1 hit, 0 errors, 1 left on base; Chicago (NYP) 1 - Staten Island 0
TOP OF THE 2ND
Chicago (NYP) White Sox batting - Pitching for Staten Island Yankees : RHP Andrew Ray
Batting: LHB Steve Roepke 0-0: Called Strike
0-1: Fly out, F2 (Popup, 2RF, EV 86.2 MPH)
Batting: RHB Jake Feinstein 0-0: Ball
1-0: Swinging Strike
1-1: Ground out 6-3 (Groundball, 6, EV 95.6 MPH)
Batting: SHB Manny Berrones 0-0: Ball
1-0: Called Strike
1-1: Foul Ball, location: 2F
1-2: Strikes out looking
Top of the 2nd over - 0 runs, 0 hits, 0 errors, 0 left on base; Chicago (NYP) 1 - Staten Island 0
BOTTOM OF THE 2ND
Staten Island Yankees batting - Pitching for Chicago (NYP) White Sox : RHP Påske Olmqvist
Batting: RHB Brad Wren 0-0: Ball
1-0: Foul Ball, location: 2F
1-1: Called Strike
1-2: Strikes out swinging
Batting: SHB Adam Slade 0-0: Ball
1-0: Ball
2-0: Called Strike
2-1: Swinging Strike
2-2: Strikes out swinging
Batting: LHB Danny de Leon 0-0: Foul Ball, location: 2F
0-1: Ball
1-1: Ball
2-1: Foul Ball, location: 2F
2-2: Ball
3-2: Ground out 1-3 (Groundball, 13S, EV 70.6 MPH)
Bottom of the 2nd over - 0 runs, 0 hits, 0 errors, 0 left on base; Chicago (NYP) 1 - Staten Island 0
TOP OF THE 3RD
Chicago (NYP) White Sox batting - Pitching for Staten Island Yankees : RHP Andrew Ray
Batting: SHB Malik Whitted 0-0: Ball
1-0: Swinging Strike
1-1: Ball
2-1: DOUBLE (Flyball, 89XD, EV 113.8 MPH)
Batting: RHB Kunimatsu Oya 0-0: SINGLE (Groundball, 4MS, EV 73.8 MPH) (infield hit)
Malik Whitted to third
Batting: SHB Andres Agudo 0-0: Ball
1-0: Ball
2-0: Ball
3-0: Foul Ball, location: 2F
3-1: Called Strike
3-2: Strikes out swinging
Batting: SHB Veit Geisler 0-0: Swinging Strike
0-1: Ball
Kunimatsu Oya is caught stealing 2nd base 2-6
1-1: Foul Ball, location: 2F
1-2: SINGLE (Groundball, 34D, EV 103.8 MPH)
Malik Whitted scores
Batting: RHB Tony Garcia 0-0: Ball
Balk!
Veit Geisler to second
1-0: Called Strike
1-1: Ball
2-1: Ball
3-1: TRIPLE (Flyball, 8LXD, EV 106.2 MPH)
Veit Geisler scores
Batting: RHB Tyrell Camp 0-0: Ball
1-0: Foul Ball, location: 2F
1-1: SINGLE (Groundball, 56D, EV 95.6 MPH)
Tony Garcia scores
Batting: LHB Steve Roepke 0-0: Ball
1-0: Called Strike
1-1: SINGLE (Groundball, 34D, EV 106.2 MPH)
Tyrell Camp to second
Runner from 2nd tries for 3rd, SAFE, throw by RF made to third
Steve Roepke to second
Batting: RHB Jake Feinstein 0-0: Called Strike
0-1: Ball
1-1: Ground out 6-3 (Groundball, 6, EV 84.4 MPH)
Top of the 3rd over - 3 runs, 6 hits, 0 errors, 2 left on base; Chicago (NYP) 4 - Staten Island 0
BOTTOM OF THE 3RD
Staten Island Yankees batting - Pitching for Chicago (NYP) White Sox : RHP Påske Olmqvist
Batting: RHB Danny Ayala 0-0: Ball
1-0: Foul Ball, location: 2F
1-1: Ball
2-1: Fly out, F9 (Line Drive, 89S, EV 86.9 MPH)
Batting: RHB Matt Thompson 0-0: Foul Ball, location: 2F
0-1: Ground out 5-3 (Groundball, 56, EV 105.0 MPH)
Batting: RHB Edite Leoni 0-0: Ball
1-0: Swinging Strike
1-1: DOUBLE (Line Drive, 78D, EV 100.0 MPH)
Batting: RHB Pat Pemberton 0-0: Called Strike
0-1: Ball
1-1: Ball
2-1: Called Strike
2-2: SINGLE (Groundball, 4MD, EV 96.2 MPH)
Edite Leoni to third
Runner from 3rd tries for Home, SAFE, throw by CF to home
Batting: LHB Mike Schermerhorn 0-0: Fielders Choice at 2nd, U6 (Groundball, 6M, EV 105.0 MPH)
Bottom of the 3rd over - 1 run, 2 hits, 0 errors, 1 left on base; Chicago (NYP) 4 - Staten Island 1
TOP OF THE 4TH
Chicago (NYP) White Sox batting - Pitching for Staten Island Yankees : RHP Andrew Ray
Batting: SHB Manny Berrones 0-0: Ball
1-0: Called Strike
1-1: Ball
2-1: Called Strike
2-2: Foul Ball, location: 2F
2-2: Strikes out swinging
Batting: SHB Malik Whitted 0-0: Called Strike
0-1: Foul Ball, location: 2F
0-2: Ball
1-2: Strikes out swinging
Batting: RHB Kunimatsu Oya 0-0: Hit by Pitch
Batting: SHB Andres Agudo 0-0: Called Strike
0-1: Ball
1-1: Foul Ball, location: 2F
1-2: Ball
2-2: Ball
3-2: Strikes out swinging
Top of the 4th over - 0 runs, 0 hits, 0 errors, 1 left on base; Chicago (NYP) 4 - Staten Island 1
BOTTOM OF THE 4TH
Staten Island Yankees batting - Pitching for Chicago (NYP) White Sox : RHP Påske Olmqvist
Batting: SHB Tadaaki Kondo 0-0: Called Strike
0-1: Called Strike
0-2: Ball
1-2: Ball
2-2: SINGLE (Line Drive, 9S, EV 101.2 MPH)
Batting: RHB Brad Wren 0-0: Called Strike
0-1: Ball
Passed Ball!
Tadaaki Kondo to second
1-1: Ball
2-1: Foul Ball, location: 2F
2-2: Foul Ball, location: 2F
2-2: Reached on error, E5 (Groundball, 5, EV 101.2 MPH)
Tadaaki Kondo scores
Batting: SHB Adam Slade 0-0: Called Strike
0-1: Called Strike
0-2: Strikes out swinging
Batting: LHB Danny de Leon 0-0: Reached on error, E3 (Groundball, 13, EV 83.8 MPH)
Brad Wren to third
Batting: RHB Danny Ayala 0-0: Called Strike
0-1: Foul Ball, location: 2F
0-2: Ball
1-2: Ball
2-2: Reached on error, E4 (Groundball, 34, EV 105.0 MPH)
Brad Wren scores
Danny de Leon to second
Batting: RHB Matt Thompson 0-0: Ball
Passed Ball!
Danny de Leon to third
Danny Ayala to second
1-0: Ball
2-0: Called Strike
2-1: Swinging Strike
2-2: Fly out, F8 (Flyball, 8RD, EV 103.8 MPH)
Runner from 3rd tags up, OUT at HOME! 8-2
Bottom of the 4th over - 2 runs, 1 hit, 3 errors, 1 left on base; Chicago (NYP) 4 - Staten Island 3
TOP OF THE 5TH
Chicago (NYP) White Sox batting - Pitching for Staten Island Yankees : RHP Andrew Ray
Batting: SHB Veit Geisler 0-0: Ball
1-0: Ball
2-0: Called Strike
2-1: Swinging Strike
2-2: Hit by Pitch
Pinch Runner at 1st Yorkis Saiki:
Batting: RHB Tony Garcia 0-0: Foul Ball, location: 2F
0-1: Foul Ball, location: 2F
0-2: Foul Ball, location: 2F
0-2: Fielders Choice at 2nd, 2-4 (Groundball, 15S, EV 70.6 MPH)
Batting: RHB Tyrell Camp 0-0: Called Strike
0-1: Ball
1-1: Swinging Strike
1-2: Strikes out swinging
Batting: LHB Steve Roepke 0-0: Called Strike
0-1: Ball
1-1: Swinging Strike
1-2: Strikes out swinging
Top of the 5th over - 0 runs, 0 hits, 0 errors, 1 left on base; Chicago (NYP) 4 - Staten Island 3
BOTTOM OF THE 5TH
Staten Island Yankees batting - Pitching for Chicago (NYP) White Sox : RHP Påske Olmqvist
Now at SS: Yorkis Saiki
Batting: RHB Edite Leoni 0-0: Ball
1-0: Ball
2-0: Fly out, F4 (Popup, 34S, EV 78.8 MPH)
Batting: RHB Pat Pemberton 0-0: Called Strike
0-1: Ball
1-1: SINGLE (Groundball, 34D, EV 103.8 MPH)
Batting: LHB Mike Schermerhorn 0-0: Ball
1-0: Ball
2-0: Foul Ball, location: 2F
2-1: Swinging Strike
2-2: Ball
3-2: Base on Balls
Pat Pemberton to second
Batting: SHB Tadaaki Kondo 0-0: Ball
1-0: Called Strike
1-1: SINGLE (Line Drive, 5D, EV 94.4 MPH)
Pat Pemberton to third
Mike Schermerhorn to second
Runner from 3rd tries for Home, throw by LF and OUT! 7-2
Mike Schermerhorn to third
Tadaaki Kondo to second
Batting: RHB Brad Wren 0-0: Called Strike
0-1: Foul Ball, location: 2F
0-2: Strikes out swinging
Bottom of the 5th over - 0 runs, 2 hits, 0 errors, 2 left on base; Chicago (NYP) 4 - Staten Island 3
TOP OF THE 6TH
Chicago (NYP) White Sox batting - Pitching for Staten Island Yankees : RHP Andrew Ray
Batting: RHB Jake Feinstein 0-0: Called Strike
0-1: Ball
1-1: Ball
2-1: Called Strike
2-2: Strikes out swinging
Batting: SHB Manny Berrones 0-0: Ball
1-0: Foul Ball, location: 9LSF, Error on foul ball, E9
1-1: Foul Ball, location: 2F
1-2: Ground out U3 (Groundball, 3, EV 88.8 MPH)
Batting: SHB Malik Whitted 0-0: Ball
1-0: Called Strike
1-1: Foul Ball, location: 2F
1-2: Ball
2-2: Strikes out swinging
Top of the 6th over - 0 runs, 0 hits, 1 error, 0 left on base; Chicago (NYP) 4 - Staten Island 3
BOTTOM OF THE 6TH
Staten Island Yankees batting - Pitching for Chicago (NYP) White Sox : RHP Påske Olmqvist
Batting: SHB Adam Slade 0-0: SINGLE (Groundball, 6MD, EV 97.5 MPH)
Batting: LHB Danny de Leon 0-0: Ball
1-0: Foul Ball, location: 2F
1-1: Foul Ball, location: 2F
1-2: Ball
2-2: Ball
3-2: Strikes out swinging
Batting: RHB Danny Ayala 0-0: Foul Ball, location: 2F
0-1: Ball
1-1: Called Strike
1-2: Fly out, F4 (Line Drive, 4, EV 73.8 MPH)
Pitching: RHP Mike Ferry
Batting: RHB Matt Thompson 0-0: Ball
1-0: Ball
2-0: Foul Ball, location: 2F
2-1: Ball
3-1: Swinging Strike
3-2: Foul Ball, location: 2F
3-2: Strikes out swinging
Bottom of the 6th over - 0 runs, 1 hit, 0 errors, 1 left on base; Chicago (NYP) 4 - Staten Island 3
TOP OF THE 7TH
Chicago (NYP) White Sox batting - Pitching for Staten Island Yankees : RHP Andrew Ray
Pitching: RHP Gary Salazar
Batting: RHB Kunimatsu Oya 0-0: Called Strike
0-1: Ball
1-1: Foul Ball, location: 2F
1-2: Ball
2-2: Ground out 4-3 (Groundball, 34, EV 105.6 MPH)
Batting: SHB Andres Agudo 0-0: Swinging Strike
0-1: Ball
1-1: Swinging Strike
1-2: Ground out 1-3 (Groundball, 13, EV 71.9 MPH)
Batting: RHB Yorkis Saiki 0-0: Fly out, F9 (Flyball, 9LDF, EV 108.1 MPH)
Top of the 7th over - 0 runs, 0 hits, 0 errors, 0 left on base; Chicago (NYP) 4 - Staten Island 3
BOTTOM OF THE 7TH
Staten Island Yankees batting - Pitching for Chicago (NYP) White Sox : RHP Mike Ferry
Batting: RHB Edite Leoni 0-0: Ground out 5-3 (Groundball, 5S, EV 77.5 MPH)
Batting: RHB Pat Pemberton 0-0: Foul Ball, location: 2F
0-1: Foul Ball, location: 2F
0-2: Ball
1-2: Ball
2-2: Foul Ball, location: 2F
2-2: Strikes out swinging
Batting: LHB Mike Schermerhorn 0-0: Swinging Strike
0-1: Ball
1-1: Ball
2-1: Ground out 5-3 (Groundball, 56, EV 83.1 MPH)
Bottom of the 7th over - 0 runs, 0 hits, 0 errors, 0 left on base; Chicago (NYP) 4 - Staten Island 3
TOP OF THE 8TH
Chicago (NYP) White Sox batting - Pitching for Staten Island Yankees : RHP Gary Salazar
Batting: RHB Tony Garcia 0-0: Called Strike
0-1: Called Strike
0-2: Strikes out swinging
Batting: RHB Tyrell Camp 0-0: Ground out 1-3 (Groundball, 15, EV 65.0 MPH)
Batting: LHB Steve Roepke 0-0: Ball
1-0: Ball
2-0: Called Strike
2-1: Foul Ball, location: 2F
2-2: Ball
3-2: Foul Ball, location: 2F
3-2: Strikes out swinging
Top of the 8th over - 0 runs, 0 hits, 0 errors, 0 left on base; Chicago (NYP) 4 - Staten Island 3
BOTTOM OF THE 8TH
Staten Island Yankees batting - Pitching for Chicago (NYP) White Sox : RHP Mike Ferry
Batting: SHB Tadaaki Kondo 0-0: Ball
1-0: Ball
2-0: Called Strike
2-1: Ball
3-1: DOUBLE (Flyball, 78XD, EV 106.2 MPH)
Batting: RHB Brad Wren 0-0: Swinging Strike
0-1: Called Strike
0-2: Ball
1-2: Strikes out swinging
Pitching: LHP Matt Schwartz
Batting: SHB Adam Slade 0-0: Called Strike
0-1: Fly out, F7 (Flyball, 7, EV 80.6 MPH)
Pinch Hitting: RHB Jesus Ruiz 0-0: Called Strike
0-1: Ground out 5-3 (Groundball, 5, EV 90.6 MPH)
Bottom of the 8th over - 0 runs, 1 hit, 0 errors, 1 left on base; Chicago (NYP) 4 - Staten Island 3
TOP OF THE 9TH
Chicago (NYP) White Sox batting - Pitching for Staten Island Yankees : RHP Gary Salazar
Now in RF: Jon Pierce
Batting: RHB Jake Feinstein 0-0: Foul Ball, location: 2F
0-1: SINGLE (Line Drive, 4D, EV 94.4 MPH)
Pitching: RHP Kenny Samuels
Batting: SHB Manny Berrones 0-0: Called Strike
0-1: Swinging Strike
0-2: Ball
1-2: Foul Ball, location: 2F
1-2: Fielders Choice at 2nd, 3-6 (Groundball, 3, EV 77.5 MPH)
Batting: SHB Malik Whitted 0-0: Called Strike
0-1: Ball
1-1: Called Strike
1-2: Strikes out swinging
Batting: RHB Kunimatsu Oya 0-0: Ball
1-0: Called Strike
1-1: Ball
2-1: Ball
3-1: TRIPLE (Line Drive, 78XD, EV 109.4 MPH)
Manny Berrones scores
Batting: SHB Andres Agudo 0-0: Ball
1-0: Called Strike
1-1: Foul Ball, location: 2F
1-2: Hit by Pitch
Pitching: RHP Jake Bryant
Batting: RHB Yorkis Saiki 0-0: Ball
1-0: Foul Ball, location: 2F
1-1: Ball
2-1: Ball
3-1: Base on Balls
Andres Agudo to second
Batting: RHB Tony Garcia 0-0: Called Strike
0-1: GRAND SLAM HOME RUN (Flyball, 7D, EV 94.4 MPH), Distance : 381 ft
Batting: RHB Tyrell Camp 0-0: Ground out U3 (Groundball, 34, EV 97.5 MPH)
Top of the 9th over - 5 runs, 3 hits, 0 errors, 0 left on base; Chicago (NYP) 9 - Staten Island 3
BOTTOM OF THE 9TH
Staten Island Yankees batting - Pitching for Chicago (NYP) White Sox : LHP Matt Schwartz
Batting: RHB Danny Ayala 0-0: Ball
1-0: Ball
2-0: Ball
3-0: Called Strike
3-1: Foul Ball, location: 2F
3-2: Strikes out swinging
Batting: RHB Matt Thompson 0-0: Called Strike
0-1: Ball
1-1: Ball
2-1: Swinging Strike
2-2: Strikes out swinging
Batting: RHB Edite Leoni 0-0: Called Strike
0-1: Ball
1-1: Foul Ball, location: 2F
1-2: Strikes out swinging
Bottom of the 9th over - 0 runs, 0 hits, 0 errors, 0 left on base; Chicago (NYP) 9 - Staten Island 3
Tuesday, March 28th , 2023 - OOTP Baseball 23.10 Build 110